[Event "Sautron op 14th"]
[Site "Sautron"]
[Date "2014.10.25"]
[Round "8"]
[White "Maiorov, Nikita"]
[Black "Lagarde, Maxime"]
[Result "1/2-1/2"]
[ECO "D14"]
[WhiteElo "2583"]
[BlackElo "2566"]
[Annotator "RR"]
[PlyCount "50"]
[EventDate "2014.10.26"]
[EventType "swiss"]
[EventRounds "9"]
[EventCountry "FRA"]
[SourceTitle "EXT 2015"]
[Source "ChessBase"]
[SourceDate "2014.11.20"]
[SourceVersion "1"]
[SourceVersionDate "2014.11.20"]
[SourceQuality "1"]
[TimeControl "40/5400+30:1800+30"]
[WhiteClock "1:00:24"]
[BlackClock "1:22:26"]

1. d4 d5 2. c4 c6 3. cxd5 cxd5 4. Nf3 Nf6 5. Nc3 Nc6 6. Bf4 Bf5 (6... e6) 7. e3 e6 8. Bd3 (8. Bb5) (8. Qb3) 8... Bxd3 9. Qxd3 Bd6 10. Bxd6 Qxd6 11. O-O O-O 12. Rac1 Rfc8 (12... Rac8) 13. h3 h6 14. Qe2 $146 (14. Na4 Rc7 15. Nc3 a6 16. Na4
Nd7 17. Nc5 Nxc5 18. Rxc5 Rac8 19. Rfc1 Nb8 20. Rxc7 Rxc7 21. Rc3 Rxc3 22. Qxc3
Qc6 23. Qxc6 Nxc6 24. Ne1 Kf8 25. Nd3 b6 26. Kf1 Ke7 27. Ke2 Kd6 28. h4 a5 29.
Nf4 g5 30. hxg5 hxg5 31. Nd3 f5 32. g3 Kd7 33. Kd2 Kd6 34. Ke2 b5 35. Kd2 g4
36. a3 Kd7 37. Ke2 Kd6 38. Kd2 Kd7 39. Kc3 {1/2-1/2 (41) Kovalenko,I (2596)
-Kuzubov,Y (2615) Voronezh 2013}) 14... Ne7 15. Qd3 Nc6 $11 16. Qe2 Ne7 17. Qd3 Nc6 18. Qe2 Ne7 19. Qd3 Nc6 20. Qe2 Ne7 21. Qd3 Nc6 22.
Qe2 Ne7 23. Qd3 Nc6 24. Qe2 Ne7 25. Qd3 Nc6 1/2-1/2